[Event "Titled Tuesday Blitz August 31 2021"]
[White "Postny, Evgeny"]
[Black "Danielian, Vardan"]
[WhiteFideId "2804344"]
[BlackFideId "13301594"]
[WhiteElo "2521"]
[BlackElo "2522"]
[Result "1-0"]
[Round "04"]
[TimeControl "180+1"]
[Date "2021.08.31"]
[WhiteClock "0:00:05"]
[BlackClock "0:00:08"]

1. e4 c5 2. Nf3 d6 3. d4 cxd4 4. Nxd4 Nf6 5. Nc3 g6 6. g3 Bg7 7. Bg2 O-O 8. O-O Bg4 9. Nde2 Nc6 10. h3 Bd7 11. Kh2 Rc8 12. Be3 a6 13. f4 b5 14. a3 Be6 15. Nd5 Na5 16. Bb6 Nxd5 17. Bxd8 Ne3 18. Qd3 Nxf1+ 19. Rxf1 Rfxd8 20. b3 Nb7 21. f5 Nc5 22. Qd2 Bd7 23. Nf4 Bc6 24. Nd5 Bxd5 25. exd5 Nd7 26. Be4 Ne5 27. Qa5 Ra8 28. Kg2 Rdc8 29. Re1 Rc5 30. Re2 Bf6 31. h4 Kg7 32. Kh3 h5 33. fxg6 fxg6 34. Kg2 Ng4 35. Qb6 Ne5 36. Qb7 Rac8 37. Qxa6 Ng4 38. Qa5 Rc3 39. Qxb5 Be5 40. Bf3 Ne3+ 41. Kh3 Nxc2 42. Rxe5 dxe5 43. Qd7 R8c7 44. Qe6 Nd4 45. Qxe5+ Kh7 46. Qxd4 Rxf3 47. Qe5 Ra7 48. b4 Raxa3 49. Qxe7+ Kh6 50. Qg5+ Kh7 51. d6 Rf2 52. Qe7+ Kh6 53. Qg5+ Kh7 54. d7 Raa2 55. Qe7+ Kh6 56. Qe3+ Kh7 57. Qxf2 Rxf2 58. d8=Q 1-0


[Site "https://www.chess.com"]

[Event "Titled Tuesday Blitz August 31 2021"]
[White "Potapova, Margarita"]
[Black "Jobava, Baadur"]
[WhiteFideId "14126869"]
[BlackFideId "13601520"]
[WhiteElo "2214"]
[BlackElo "2748"]
[Result "0-1"]
[Round "04"]
[TimeControl "180+1"]
[Date "2021.08.31"]
[WhiteClock "0:00:04"]
[BlackClock "0:01:28"]

1. d4 c6 2. c4 d5 3. Nf3 Nf6 4. g3 Bf5 5. Nc3 e6 6. Nh4 Be4 7. f3 Bg6 8. Qb3 Qc8 9. e4 dxe4 10. Nxg6 hxg6 11. fxe4 e5 12. dxe5 Ng4 13. Bf4 Na6 14. O-O-O Nf2 15. Be2 Nxh1 16. Rxh1 Nc5 17. Qc2 Be7 18. h4 Qe6 19. Nd5 cxd5 20. cxd5 Qb6 21. d6 Rc8 22. Bc4 Bd8 23. Rf1 O-O 24. Be3 Qc6 25. Kb1 Nxe4 26. b3 b5 27. Bd3 Qxc2+ 28. Bxc2 Nxg3 29. Rg1 Ne2 30. Rg2 Nc3+ 31. Kb2 Bxh4 32. Rg4 Be1 33. Bxa7 Nd5 34. Bd4 b4 35. Be4 Bc3+ 36. Bxc3 bxc3+ 37. Kc2 Nb4+ 38. Kb1 c2+ 0-1


[Site "https://www.chess.com"]

[Event "Titled Tuesday Blitz August 31 2021"]
[White "Pridorozhni, Aleksei"]
[Black "Tokhirjonova, Gulrukhbegim"]
[WhiteFideId "4127870"]
[BlackFideId "14203626"]
[WhiteElo "2565"]
[BlackElo "2236"]
[Result "1-0"]
[Round "04"]
[TimeControl "180+1"]
[Date "2021.08.31"]
[WhiteClock "0:00:12"]
[BlackClock "0:00:05"]

1. e4 e5 2. f4 exf4 3. Bc4 c6 4. Qf3 Nf6 5. Nc3 d5 6. exd5 Bc5 7. h3 O-O 8. Nge2 b5 9. Bb3 Bb7 10. d4 Bb6 11. Bxf4 a5 12. a3 c5 13. dxc5 Bxc5 14. Nxb5 Nxd5 15. O-O-O Nxf4 16. Rxd8 Bxf3 17. Rxf8+ Kxf8 18. Nxf4 Bc6 19. Nc7 Be3+ 20. Kb1 Bxf4 21. Nxa8 Bxa8 22. Rf1 g5 23. g3 Bxg3 24. Rxf7+ Ke8 25. Rxh7 Bg2 26. Ba4+ Kf8 27. Bb3 Nc6 28. Rf7+ Ke8 29. Rg7 Bf4 30. h4 Nd4 31. hxg5 Be4 32. Ba4+ Kf8 33. Ra7 Bxg5 34. Rxa5 Be7 35. Re5 Bg6 36. Rd5 Bf6 37. Ra5 Ke7 38. Ra7+ Ke6 39. Ra6+ Kf5 40. Ka1 Kg5 41. c3 Ne2 42. Ra5+ Kf4 43. Bd1 Nxc3 44. Ra6 Ne4 45. Bc2 Kg5 46. Ra4 Nd2 47. Bxg6 Kxg6 48. Ka2 Kf5 49. Ra6 Be5 50. b4 Ke4 51. Ra8 Bd4 52. Rh8 Kd3 53. Rc8 Bc3 54. b5 Kc2 55. b6 Nb3 56. Rxc3+ Kxc3 57. b7 Kc2 58. a4 Nc1+ 59. Ka3 Nd3 60. b8=Q 1-0


[Site "https://www.chess.com"]

[Event "Titled Tuesday Blitz August 31 2021"]
[White "Priyanka Nutakki"]
[Black "Dronavalli, Harika"]
[WhiteFideId "25049615"]
[BlackFideId "5015197"]
[WhiteElo "1916"]
[BlackElo "2422"]
[Result "0-1"]
[Round "04"]
[TimeControl "180+1"]
[Date "2021.08.31"]
[WhiteClock "0:00:02"]
[BlackClock "0:00:13"]

1. d4 Nf6 2. Bf4 d6 3. e3 Nbd7 4. Nf3 Nh5 5. Bg5 h6 6. Bh4 g5 7. Bg3 Bg7 8. c4 c5 9. Nc3 Qa5 10. Be2 Nxg3 11. hxg3 Nf6 12. Qc2 Bg4 13. a3 Rc8 14. dxc5 Qxc5 15. b4 Qb6 16. Rc1 a6 17. O-O O-O 18. Nd4 Bxe2 19. Qxe2 e6 20. Rfd1 Rc7 21. Na4 Qa7 22. Nb3 Rd8 23. c5 d5 24. Nb6 Nd7 25. Nxd7 Rcxd7 26. Na5 Rc8 27. Rc2 Rdc7 28. Rdc1 Bf6 29. e4 dxe4 30. Qxe4 Kg7 31. Nc4 Rd8 32. Nd6 Qb8 33. Rd1 b6 34. Rcd2 bxc5 35. bxc5 Rxc5 36. Qa4 Rf8 37. Ne4 Rf5 38. Nxf6 Rxf6 39. Qxa6 Qb3 40. Qd3 Qxd3 41. Rxd3 Rf5 42. Rc1 Ra5 43. Rc7 Rfa8 44. Rdd7 Rf5 45. g4 Rf4 46. f3 Rxa3 47. Kh2 Ra2 48. Kg3 Kg6 49. Rd8 Kh7 50. Rdd7 Kg7 51. Rd8 Rb2 52. Rdd7 e5 53. Re7 Re2 54. Rb7 e4 55. fxe4 Rexe4 56. Rxe4 Rxe4 57. Ra7 Re3+ 58. Kh2 Kg6 59. Ra6+ Re6 60. Ra5 Re4 61. Kg3 Rf4 62. Rb5 f5 63. Rb6+ Kg7 64. gxf5 Rxf5 65. Rb7+ Rf7 66. Rb6 Rf6 67. Rb7+ Kg6 68. Rb5 h5 69. Ra5 h4+ 70. Kh2 Rf2 71. Kh3 Rb2 72. Ra6+ Kf5 73. g4+ Ke4 74. Ra4+ Ke3 75. Ra5 Rb3 76. Rf5 Ke4+ 77. Kg2 Rg3+ 78. Kh2 Rxg4 79. Kh3 Kxf5 0-1


[Site "https://www.chess.com"]

[Event "Titled Tuesday Blitz August 31 2021"]
[White "Rakhmanov, Aleksandr"]
[Black "Jaracz, Pawel"]
[WhiteFideId "4173708"]
[BlackFideId "1102222"]
[WhiteElo "2498"]
[BlackElo "2495"]
[Result "1/2-1/2"]
[Round "04"]
[TimeControl "180+1"]
[Date "2021.08.31"]
[WhiteClock "0:00:09"]
[BlackClock "0:00:13"]

1. c4 Nf6 2. Nc3 e5 3. Nf3 Nc6 4. d4 exd4 5. Nxd4 Be7 6. Nxc6 bxc6 7. g3 a5 8. Bg2 Ba6 9. b3 O-O 10. O-O Bb4 11. Bb2 Qe7 12. Qc2 Rfe8 13. e4 d6 14. Rad1 Nd7 15. Na4 Nc5 16. Nxc5 Bxc5 17. e5 d5 18. Rfe1 dxc4 19. Bxc6 Qe6 20. Bd5 Qb6 21. bxc4 Rab8 22. Ba1 Qh6 23. Qf5 Re7 24. e6 f6 25. Bc6 Bb4 26. Re4 Qg6 27. Qxg6 hxg6 28. Bd7 Bd6 29. h4 Bc8 30. Bxc8 Rxc8 31. Bd4 Rce8 32. c5 Be5 33. Bxe5 Rxe6 34. Rd7 c6 35. Rd6 Rxe5 36. Rxe5 Rxe5 37. Rxc6 Re2 38. a4 Ra2 39. Ra6 Rxa4 40. c6 Ra1+ 41. Kg2 Rc1 42. Rxa5 Rxc6 43. h5 gxh5 44. Rxh5 Kf7 45. Rh2 Kg6 46. Rh3 Kf7 47. Rh4 Kg6 48. Rh3 Kf7 49. Rh4 Kg6 50. Rh3 1/2-1/2


[Site "https://www.chess.com"]

[Event "Titled Tuesday Blitz August 31 2021"]
[White "Richter, Nils"]
[Black "Stribuk, Artiom"]
[WhiteFideId "12990809"]
[BlackFideId "13515659"]
[WhiteElo "2289"]
[BlackElo "2224"]
[Result "1-0"]
[Round "04"]
[TimeControl "180+1"]
[Date "2021.08.31"]
[WhiteClock "0:00:33"]
[BlackClock "0:00:10"]

1. e4 c5 2. Nf3 Nc6 3. Bb5 d6 4. O-O Bd7 5. d4 cxd4 6. Nxd4 Nf6 7. Re1 Nxd4 8. Bxd7+ Qxd7 9. Qxd4 e5 10. Qd3 h6 11. c4 Be7 12. Nc3 O-O 13. Be3 a6 14. a4 Rac8 15. b3 Qe6 16. h3 Rfd8 17. Red1 Rd7 18. a5 Bd8 19. Ra2 Kh8 20. f3 Kg8 21. Kh1 Kh8 22. Kh2 Kg8 23. g4 Nh7 24. Nd5 Ng5 25. Bxg5 hxg5 26. Kg2 g6 27. b4 Kg7 28. b5 Rc5 29. Rb1 Kh7 30. bxa6 bxa6 31. Rb8 Bxa5 32. Ra8 Rb7 33. Rxa6 Bd8 34. Ra7 Qd7 35. Qa3 Kg7 36. Rxb7 Qxb7 37. Rb2 Qc8 38. Ne3 Rc6 39. Qa7 Qc7 40. Rb7 1-0


[Site "https://www.chess.com"]

[Event "Titled Tuesday Blitz August 31 2021"]
[White "Samsonkin, Artiom"]
[Black "Naroditsky, Daniel"]
[WhiteFideId "13503111"]
[BlackFideId "2026961"]
[WhiteElo "2513"]
[BlackElo "2608"]
[Result "0-1"]
[Round "04"]
[TimeControl "180+1"]
[Date "2021.08.31"]
[WhiteClock "0:00:01"]
[BlackClock "0:01:16"]

1. e4 c6 2. d4 d5 3. e5 c5 4. dxc5 e6 5. a3 Bxc5 6. Bd3 Ne7 7. Nf3 Ng6 8. b4 Be7 9. O-O a5 10. b5 Nd7 11. Bb2 O-O 12. c4 Nc5 13. Nc3 Nf4 14. Bc2 dxc4 15. Qb1 Ncd3 16. Bc1 h6 17. Be3 b6 18. Qa2 Bb7 19. Bxf4 Nxf4 20. Qxc4 Nxg2 21. Be4 Rc8 22. Qd4 Bxe4 23. Nxe4 Nf4 24. Qe3 Nd5 25. Qd3 Nc3 26. Qe3 Nxe4 27. Qxe4 Rc3 28. Rad1 Qc7 0-1


[Site "https://www.chess.com"]

[Event "Titled Tuesday Blitz August 31 2021"]
[White "Sargsyan, Anna M."]
[Black "Dzhaparov, Medet"]
[WhiteFideId "13308130"]
[BlackFideId "13803689"]
[WhiteElo "2263"]
[BlackElo "1702"]
[Result "1-0"]
[Round "04"]
[TimeControl "180+1"]
[Date "2021.08.31"]
[WhiteClock "0:00:44"]
[BlackClock "0:01:24"]

1. d4 Nf6 2. c4 g6 3. g3 Bg7 4. Bg2 d5 5. cxd5 Nxd5 6. e4 Nb6 7. Ne2 O-O 8. O-O Nc6 9. d5 Na5 10. Nbc3 c6 11. Bg5 cxd5 12. exd5 Nac4 13. b3 Nd6 14. Rc1 h6 15. Be3 Nf5 16. Bc5 Bd7 17. Re1 Rc8 18. Ba3 Re8 19. Qd2 e5 20. d6 Bc6 21. Nd5 Nxd5 22. Bxd5 Qd7 23. Red1 Bxd5 24. Qxd5 Rxc1 25. Rxc1 Nd4 26. Nxd4 exd4 27. Rc7 Qh3 28. Qxf7+ 1-0


[Site "https://www.chess.com"]

[Event "Titled Tuesday Blitz August 31 2021"]
[White "Seemann, Jakub"]
[Black "Kowalczyk, Pawel"]
[WhiteFideId "21874697"]
[BlackFideId "1130641"]
[WhiteElo "1805"]
[BlackElo "2325"]
[Result "1/2-1/2"]
[Round "04"]
[TimeControl "180+1"]
[Date "2021.08.31"]
[WhiteClock "0:00:04"]
[BlackClock "0:00:04"]

1. Nf3 a6 2. g3 Nf6 3. Bg2 d5 4. b3 c5 5. Bb2 Nc6 6. O-O e6 7. e3 Be7 8. c4 d4 9. exd4 cxd4 10. d3 O-O 11. Re1 Bb4 12. Re2 Re8 13. Na3 e5 14. Nc2 Bd6 15. a3 a5 16. Re1 Bf5 17. Qd2 h6 18. b4 axb4 19. axb4 Rxa1 20. Bxa1 Qc7 21. b5 Nd8 22. Nh4 Bh7 23. f4 exf4 24. Bxd4 fxg3 25. Bxf6 Rxe1+ 26. Nxe1 gxh2+ 27. Kh1 gxf6 28. Qxh6 Bf4 29. Qxf6 Be5 30. Qg5+ Kh8 31. Bd5 Ne6 32. Qg4 Qa5 33. Nhf3 Bc3 34. Bxe6 fxe6 35. Qxe6 Qa1 36. Qe8+ Kg7 37. Qe7+ Kg8 38. Qe8+ Kg7 39. Qe7+ Kg8 40. Qg5+ Kf8 41. Qf4+ Kg8 42. Qxh2 Bf6 43. Qg3+ Kf7 44. Qc7+ Kg8 45. Qc8+ Kg7 46. Qxb7+ Kh6 47. Qc6 Bf5 48. Qd6 Kh5 49. Qf4 Kg6 50. Kh2 Qb2+ 51. Ng2 Qe2 52. Nh4+ Bxh4 53. Qxh4 Bxd3 54. Qg3+ Kf6 55. Qf4+ Ke7 56. Qg5+ Kd6 57. Qd5+ Kc7 58. Qc5+ Kb8 59. Qb6+ Kc8 60. Qc6+ Kb8 61. Qd6+ Kc8 62. Qf8+ Kb7 63. Qg7+ Kc8 64. Qg8+ Kc7 65. Qf7+ Kb6 66. Qf6+ Kc5 67. Qg5+ Kxc4 68. Qh4+ Kxb5 69. Qg5+ Kb4 70. Qg3 Bc4 71. Qf4 Qh5+ 72. Kg3 Qg6+ 73. Qg4 Qd3+ 74. Qf3 Qd6+ 75. Nf4 Kb5 76. Qb7+ Kc5 77. Qa7+ Kb4 78. Qb7+ Kc3 79. Qf3+ Kb4 80. Qb7+ Kc3 81. Qf3+ Kb4 82. Qb7+ 1/2-1/2


[Site "https://www.chess.com"]

[Event "Titled Tuesday Blitz August 31 2021"]
[White "Shahade, Gregory"]
[Black "Palchuk, Andrii"]
[WhiteFideId "2009064"]
[BlackFideId "14176688"]
[WhiteElo "2658"]
[BlackElo "2320"]
[Result "1-0"]
[Round "04"]
[TimeControl "180+1"]
[Date "2021.08.31"]
[WhiteClock "0:00:12"]
[BlackClock "0:00:17"]

1. e4 d5 2. exd5 Nf6 3. d4 Bg4 4. Bb5+ Nbd7 5. f3 Bf5 6. Nc3 e6 7. dxe6 fxe6 8. Nge2 Bd6 9. O-O O-O 10. Bf4 Nb6 11. Kh1 Nbd5 12. Bxd6 Qxd6 13. Qd2 Bg6 14. Bd3 Bxd3 15. Qxd3 Nf4 16. Nxf4 Qxf4 17. Rae1 Nh5 18. Qe3 Qh4 19. Qxe6+ Kh8 20. Qg4 Qxg4 21. fxg4 Nf6 22. h3 h6 23. Re7 Rac8 24. Rfe1 Rfd8 25. Rf7 Rxd4 26. Ree7 Rg8 27. Rxc7 Rd2 28. Rxb7 Rxc2 29. Rxa7 Rxb2 30. a4 Rc2 31. Nb5 h5 32. g5 Ne4 33. g6 Rc5 34. Rf4 Ng3+ 35. Kh2 Rg5 36. Ra6 Ne2 37. Rf3 Rd8 38. Nd6 Rxg6 39. Nf7+ Kh7 40. Rxg6 Rd2 41. Re6 Nd4 42. Ng5+ Kg8 43. Re8# 1-0


[Site "https://www.chess.com"]

[Event "Titled Tuesday Blitz August 31 2021"]
[White "Shimelkov, Vasiliy"]
[Black "Garcia Garcia, Alejandro"]
[WhiteFideId "13701630"]
[BlackFideId "3516334"]
[WhiteElo "2073"]
[BlackElo "2131"]
[Result "1/2-1/2"]
[Round "04"]
[TimeControl "180+1"]
[Date "2021.08.31"]
[WhiteClock "0:00:18"]
[BlackClock "0:00:10"]

1. d4 Nf6 2. Nf3 g6 3. c4 Bg7 4. Nc3 d6 5. e4 O-O 6. Be2 e5 7. dxe5 dxe5 8. Qxd8 Rxd8 9. Bg5 Re8 10. O-O c6 11. Rfd1 Be6 12. Nxe5 h6 13. Bf4 Nbd7 14. Nxd7 Nxd7 15. Rac1 Nc5 16. f3 f5 17. Be3 Bf8 18. b4 Na6 19. a3 Nc7 20. Bf4 Rac8 21. Bd6 Bg7 22. e5 f4 23. Bd3 Kf7 24. Ne4 Bf5 25. c5 Bxe4 26. Bxe4 Bxe5 27. Bxe5 Rxe5 28. Rd6 Ne6 29. Rd7+ Kf6 30. Rxb7 a5 31. Rd1 axb4 32. axb4 Ng5 33. Rd6+ Re6 34. Rxe6+ Nxe6 35. Rb6 Nd4 36. Kf2 g5 37. b5 Nxb5 38. Bxc6 Nd4 39. Be4+ Ke5 40. c6 Rc7 41. Ra6 Kd6 42. h4 Nxc6 43. hxg5 hxg5 44. Bxc6 Rxc6 45. Rxc6+ Kxc6 46. Ke2 Kd5 47. Kd3 Ke5 48. Kc4 Kf5 49. Kd5 g4 50. Kd6 gxf3 51. gxf3 Kf6 52. Kd5 Kf5 53. Kd4 Kf6 54. Ke4 Ke6 55. Kxf4 Kf6 56. Ke4 Ke6 57. f4 Kf6 58. f5 Kf7 59. Ke5 Ke7 60. f6+ Kf7 61. Kf5 Kf8 62. Ke6 Ke8 63. f7+ Kf8 64. Kf6 1/2-1/2


[Site "https://www.chess.com"]

[Event "Titled Tuesday Blitz August 31 2021"]
[White "Shishkov, Andrei"]
[Black "Peng, David Yu"]
[WhiteFideId "4500563"]
[BlackFideId "2605376"]
[WhiteElo "2322"]
[BlackElo "2166"]
[Result "1-0"]
[Round "04"]
[TimeControl "180+1"]
[Date "2021.08.31"]
[WhiteClock "0:00:08"]
[BlackClock "0:00:11"]

1. d4 Nf6 2. c4 e6 3. Nc3 Bb4 4. Qc2 Nc6 5. Nf3 d6 6. Bd2 O-O 7. a3 Bxc3 8. Bxc3 Qe7 9. e3 e5 10. dxe5 Nxe5 11. Be2 Bd7 12. O-O Rfe8 13. Rad1 Rad8 14. c5 Nxf3+ 15. Bxf3 Bc6 16. Bxc6 bxc6 17. Bb4 d5 18. Rd4 Ne4 19. Rfd1 Qg5 20. Qe2 f5 21. f3 Nf6 22. R1d3 Nh5 23. Bd2 Qf6 24. Qf2 g6 25. b4 Ng7 26. Bc3 Qe7 27. Rh4 Ne6 28. Qg3 a5 29. Qe5 Ng7 30. Qf4 axb4 31. axb4 Ne6 32. Qh6 d4 33. Bxd4 Nxd4 34. Rhxd4 Rxd4 35. Rxd4 Qxe3+ 36. Qxe3 Rxe3 37. Rd7 Rb3 38. Rxc7 Rxb4 39. Rxc6 Rc4 40. h3 Rc2 41. Kh2 Kg7 42. h4 h6 43. Rc7+ Kf6 44. Rc6+ Kf7 45. Kg3 g5 46. Rxh6 gxh4+ 47. Rxh4 Rxc5 48. Rh6 Kg7 49. Ra6 Kf7 50. Kf4 Rc2 51. g3 Rc5 52. Kg5 Rc3 53. Rf6+ Kg7 54. Rxf5 Rc4 55. f4 Rc6 56. g4 Rg6+ 57. Kh4 Rh6+ 58. Rh5 Ra6 59. Rc5 Ra1 60. Kg5 Ra6 61. Rc7+ Kg8 62. f5 Rb6 63. f6 Rb4 64. Kf5 Rb5+ 65. Kg6 Rb8 66. g5 Rf8 67. Kh6 Kh8 68. Rh7+ Kg8 69. Rg7+ Kh8 70. Ra7 Kg8 71. Kg6 Kh8 72. Rf7 Rg8+ 73. Kf5 Ra8 74. Re7 Rg8 75. g6 Ra8 76. Rh7+ Kg8 77. f7+ Kf8 78. Rh8+ Ke7 79. Rxa8 1-0


[Site "https://www.chess.com"]

[Event "Titled Tuesday Blitz August 31 2021"]
[White "Shkapenko, Pavel"]
[Black "Timofeev, Artyom"]
[WhiteFideId "4151933"]
[BlackFideId "4140419"]
[WhiteElo "2386"]
[BlackElo "2582"]
[Result "1/2-1/2"]
[Round "04"]
[TimeControl "180+1"]
[Date "2021.08.31"]
[WhiteClock "0:00:04"]
[BlackClock "0:00:55"]

1. e4 c5 2. c3 e6 3. d4 d5 4. exd5 exd5 5. Nf3 Nc6 6. g3 Nf6 7. Bg2 Be7 8. dxc5 Bxc5 9. O-O O-O 10. Bg5 Be6 11. Nbd2 h6 12. Nb3 Bb6 13. Bf4 Qd7 14. Ne5 Nxe5 15. Bxe5 Ng4 16. Bd4 Bxd4 17. Nxd4 Ne5 18. Re1 Nc4 19. Nxe6 fxe6 20. Rxe6 Rad8 21. Re2 d4 22. Qxd4 Qxd4 23. cxd4 Rxd4 24. Bxb7 Rb8 25. Ba6 Nxb2 26. Rb1 Rdb4 27. Rc2 R4b6 28. Rc8+ Rxc8 29. Bxc8 a5 30. Bf5 Kf7 31. h4 Kf6 32. Bc2 Ke5 33. Re1+ Kd4 34. Re7 g5 35. hxg5 hxg5 36. Ra7 Rb5 37. Bb3 Rc5 38. Rd7+ Kc3 39. Rd5 Rxd5 40. Bxd5 Nd3 41. Kg2 a4 42. Kf3 Nb4 43. Bf7 Kb2 44. Kg4 Nxa2 45. Kxg5 Nc1 46. f4 a3 47. f5 Nb3 48. Bxb3 Kxb3 49. f6 a2 50. f7 a1=Q 51. f8=Q Qe5+ 52. Kg4 Qe4+ 53. Qf4 Qg6+ 54. Kf3 Qc6+ 55. Kf2 Qc2+ 56. Kf3 Qc6+ 57. Qe4 Qf6+ 58. Kg2 Qg7 59. g4 Kc3 60. Kg3 Kb2 61. Qd5 Qc7+ 62. Kf3 Qc3+ 63. Ke4 Qe1+ 64. Kf5 Qf2+ 65. Kg6 Qf8 66. g5 Qe8+ 67. Kh6 Qf8+ 68. Kh5 Qh8+ 69. Kg4 Qc8+ 70. Qf5 Qc4+ 71. Kh5 Qe2+ 72. Kh6 Qh2+ 73. Kg7 Qc7+ 74. Qf7 Qg3 75. g6 Ka3 76. Kh7 Qh4+ 77. Kg8 Ka4 78. g7 Qd8+ 79. Kh7 Qh4+ 80. Kg6 Qg4+ 81. Kf6 Qd4+ 82. Ke6 Qc4+ 83. Ke7 Qc7+ 84. Kf8 Qc5+ 85. Qe7 Qf5+ 86. Ke8 Qc8+ 87. Kf7 Qf5+ 88. Qf6 Qd5+ 89. Kf8 Qc5+ 90. Qe7 Qf5+ 91. Kg8 Qd5+ 92. Qf7 Qd8+ 93. Kh7 Qh4+ 94. Kg8 Qd8+ 1/2-1/2


[Site "https://www.chess.com"]

[Event "Titled Tuesday Blitz August 31 2021"]
[White "Shuvalov, Evgenij"]
[Black "Urazayev, Arystanbek"]
[WhiteFideId "4187237"]
[BlackFideId "13709810"]
[WhiteElo "2163"]
[BlackElo "2321"]
[Result "0-1"]
[Round "04"]
[TimeControl "180+1"]
[Date "2021.08.31"]
[WhiteClock "0:00:58"]
[BlackClock "0:01:59"]

1. Nf3 b6 2. e4 Bb7 3. Nc3 e6 4. a3 Nf6 5. e5 Nd5 6. Nxd5 Bxd5 7. d4 Be7 8. Bd3 c5 9. O-O Nc6 10. dxc5 bxc5 11. c4 Bxf3 12. Qxf3 Nxe5 13. Qg3 Nxd3 14. Qxd3 O-O 15. Bf4 d5 16. Rfd1 d4 17. b4 cxb4 18. axb4 Bxb4 19. Ra6 Bc3 20. Bd2 Bxd2 21. Qxd2 e5 22. Rda1 Qc7 23. Qa2 Rfc8 24. f3 Qxc4 25. Qxc4 Rxc4 26. Rxa7 Rxa7 27. Rxa7 f6 28. Rd7 Rc2 29. h4 h5 30. Kf1 Kh7 31. g3 Kg6 32. Kg1 f5 33. Rd6+ Kf7 34. Rd7+ Kf6 35. Rd6+ Ke7 36. Rg6 d3 37. Rxg7+ Kf6 38. Rd7 e4 39. fxe4 fxe4 40. Kf1 Kf5 41. Rd5+ Kg4 42. Rg5+ Kf3 43. Rf5+ Kxg3 44. Rxh5 e3 45. Rg5+ Kf4 46. Rd5 Rc1+ 47. Kg2 d2 48. h5 d1=Q 49. Rxd1 Rxd1 0-1


[Site "https://www.chess.com"]

[Event "Titled Tuesday Blitz August 31 2021"]
[White "Solon, Nathan"]
[Black "Baskin, Robert"]
[WhiteFideId "2017229"]
[BlackFideId "24662402"]
[WhiteElo "2659"]
[BlackElo "2462"]
[Result "1-0"]
[Round "04"]
[TimeControl "180+1"]
[Date "2021.08.31"]
[WhiteClock "0:00:05"]
[BlackClock "0:00:03"]

1. d4 f5 2. Bg5 h6 3. Bh4 g5 4. e3 Nf6 5. Bg3 d6 6. h4 Bg7 7. hxg5 hxg5 8. Rxh8+ Bxh8 9. Nh3 g4 10. Nf4 e6 11. Bc4 Qe7 12. Nc3 Nc6 13. Qe2 Bd7 14. d5 Ne5 15. dxe6 Bc6 16. Nfd5 Nxd5 17. Nxd5 Bxd5 18. Bxd5 c6 19. Bb3 d5 20. c4 dxc4 21. Bxe5 Bxe5 22. Qxc4 O-O-O 23. Rd1 Rxd1+ 24. Kxd1 Bxb2 25. Qc2 Qf6 26. e7 Kd7 27. Ke2 Bc3 28. Qd3+ Kxe7 29. Qc4 b5 30. Qg8 Qd6 31. Qf7+ Kd8 32. g3 Qe5 33. Be6 Qd6 34. Bxf5 a5 35. Bxg4 a4 36. Bf3 b4 37. Qc4 Kc7 38. Qa6 a3 39. Qa7+ Kd8 40. Kf1 Qd2 41. Kg2 Qxa2 42. Bxc6 Qe6 43. Qa8+ Ke7 44. Bd5 Qd7 45. Bf3 Qe6 46. Bd5 Qd7 47. Bf3 Qc7 48. Qd5 Qc5 49. Qxc5+ 1-0


[Site "https://www.chess.com"]

[Event "Titled Tuesday Blitz August 31 2021"]
[White "Solovchuk, Oleksiy"]
[Black "Urjubdshzirov, Erdni"]
[WhiteFideId "14115220"]
[BlackFideId "4186451"]
[WhiteElo "2376"]
[BlackElo "2416"]
[Result "0-1"]
[Round "04"]
[TimeControl "180+1"]
[Date "2021.08.31"]
[WhiteClock "0:00:17"]
[BlackClock "0:00:18"]

1. d4 Nf6 2. Nf3 e6 3. e3 c5 4. Nbd2 b6 5. b3 Bb7 6. Bd3 d6 7. Bb2 Nbd7 8. O-O Be7 9. c4 O-O 10. Qe2 Re8 11. Rfd1 Qc7 12. Rac1 e5 13. d5 Bf8 14. Bb1 h6 15. Nh4 a6 16. Qf3 b5 17. e4 Bc8 18. Bd3 bxc4 19. Nxc4 Nb6 20. h3 Nxc4 21. Bxc4 Nd7 22. Nf5 Nb6 23. Bf1 Bxf5 24. exf5 Be7 25. Qe4 Nd7 26. g3 Reb8 27. Bc3 a5 28. Be1 a4 29. b4 Qb7 30. b5 Bd8 31. Rc4 Nf6 32. Qg2 Qxb5 33. Rb4 Qd7 34. Rxb8 Rxb8 35. g4 Rb2 36. Bc4 Nh7 37. Bc3 Rb8 38. Qe4 Bg5 39. Qc2 Bf4 40. Kg2 Qe7 41. Be1 h5 42. Rb1 Rxb1 43. Qxb1 hxg4 44. Qb8+ Nf8 45. hxg4 Qh4 46. f3 Qh2+ 47. Kf1 Qh1+ 48. Ke2 Qg2+ 49. Kd1 Qxf3+ 50. Be2 Qxd5+ 51. Kc2 Qxa2+ 52. Kd1 Qa1+ 53. Kc2 Qa2+ 54. Kd3 Qb3+ 55. Ke4 Qxb8 0-1


[Site "https://www.chess.com"]

[Event "Titled Tuesday Blitz August 31 2021"]
[White "Sriniaiyer, Sudarshan"]
[Black "Boyer, Mahel"]
[WhiteFideId "30937213"]
[BlackFideId "45102422"]
[WhiteElo "2320"]
[BlackElo "2328"]
[Result "0-1"]
[Round "04"]
[TimeControl "180+1"]
[Date "2021.08.31"]
[WhiteClock "0:01:14"]
[BlackClock "0:01:47"]

1. d4 d5 2. c4 e6 3. Nf3 Be7 4. Nc3 Nf6 5. Bf4 Nh5 6. Be5 Nc6 7. e3 O-O 8. cxd5 exd5 9. Bd3 Nxe5 10. Nxe5 Nf6 11. g4 Bd6 12. g5 Ne4 13. Nxe4 dxe4 14. Bxe4 Bxe5 15. dxe5 Qxg5 16. Qc2 Qxe5 17. Bxh7+ Kh8 18. Bd3 Be6 19. O-O-O Rfd8 20. Bc4 Bf5 21. Qb3 Qe4 22. Rxd8+ Rxd8 23. Rd1 Qb1# 0-1


[Site "https://www.chess.com"]

[Event "Titled Tuesday Blitz August 31 2021"]
[White "Starozhilov, Leonid"]
[Black "Zhigalko, Sergei"]
[WhiteFideId "14106752"]
[BlackFideId "13502956"]
[WhiteElo "2414"]
[BlackElo "2662"]
[Result "0-1"]
[Round "04"]
[TimeControl "180+1"]
[Date "2021.08.31"]
[WhiteClock "0:00:04"]
[BlackClock "0:01:04"]

1. c4 e5 2. Nc3 Nf6 3. Nf3 Nc6 4. g3 Bb4 5. Qc2 O-O 6. Bg2 d6 7. O-O h6 8. d3 a5 9. a3 Bc5 10. e3 Re8 11. Ne4 Nxe4 12. dxe4 a4 13. Nh4 Be6 14. Bd2 Na5 15. Bxa5 Rxa5 16. Rfd1 Qa8 17. Rac1 Bb6 18. Nf3 Rc5 19. Nd2 Rf8 20. Bf1 Ra5 21. Nb1 Rd8 22. Nc3 c6 23. Rd2 Bc5 24. Rcd1 Qa7 25. Kg2 Ra8 26. Be2 Qb8 27. h4 Qc8 28. Kh2 Qd8 29. Kg2 Qf6 30. Rc1 h5 31. Rcd1 g6 32. Qc1 Kg7 33. Rh1 Qe7 34. Qd1 Qd8 35. Rc2 Qb6 36. Qd2 Qb3 37. Rhc1 Bxc4 38. Bxc4 Qxc4 39. Nd5 Qxe4+ 0-1


[Site "https://www.chess.com"]

[Event "Titled Tuesday Blitz August 31 2021"]
[White "Stelmaszyk, Nico"]
[Black "Liyanage, Ranindu Dilshan"]
[WhiteFideId "16200462"]
[BlackFideId "9915834"]
[WhiteElo "2119"]
[BlackElo "1839"]
[Result "1-0"]
[Round "04"]
[TimeControl "180+1"]
[Date "2021.08.31"]
[WhiteClock "0:00:08"]
[BlackClock "0:00:05"]

1. e4 c5 2. Nf3 d6 3. c3 Nf6 4. Be2 g6 5. O-O Bg7 6. Re1 O-O 7. Bf1 Nc6 8. d4 cxd4 9. cxd4 Bg4 10. d5 Ne5 11. Nbd2 Rc8 12. h3 Bxf3 13. Nxf3 Nxf3+ 14. Qxf3 Nd7 15. Qa3 Nc5 16. Bd2 a6 17. Rac1 Qb6 18. Bc3 Bxc3 19. Qxc3 Nxe4 20. Qxc8 Qxf2+ 21. Kh2 Qf4+ 22. Kg1 Rxc8 23. Rxc8+ Kg7 24. Re2 Ng3 25. Rf2 Qd4 26. Rc4 Qxd5 27. Rcf4 f6 28. Bc4 Qc5 29. Kh2 g5 30. R4f3 Ne4 31. Rc2 Qe5+ 32. Kh1 h5 33. Bd3 g4 34. Bxe4 gxf3 35. Bxf3 h4 36. Re2 Qa5 37. Rxe7+ Kf8 38. Rxb7 Qxa2 39. Rb6 a5 40. b3 Qb1+ 41. Kh2 a4 42. Rb8+ Kg7 43. Rb7+ Kh6 44. bxa4 Qa1 45. Ra7 Qd4 46. Ra5 Qf4+ 47. Kh1 Qc1+ 48. Kh2 Qf4+ 49. Kh1 Qb4 50. Rd5 Qxa4 51. Kh2 Qf4+ 52. Kh1 Kg7 53. Kg1 Kf7 54. Kh1 Ke6 55. Rh5 Qc1+ 56. Kh2 Qf4+ 57. Kh1 f5 58. Rh8 d5 59. Re8+ Kd7 60. Re2 d4 61. Re1 Kd6 62. Kg1 Kc5 63. Rd1 Kb4 64. Kf2 Kc3 65. Ke2 Qe3+ 66. Kf1 d3 67. Re1 Qd4 68. Rd1 d2 69. Be2 f4 70. Bf3 Qe3 71. Be2 Kd4 72. Bf3 Qc3 73. Kg1 Ke3 74. Kh1 Qc5 75. Rg1 Qg5 76. Rd1 Qg3 77. Rg1 Qxf3 78. gxf3 Kxf3 79. Kh2 Ke2 80. Rg2+ Ke1 81. Rg1+ Ke2 82. Rg2+ Ke3 83. Rg1 f3 84. Ra1 Ke2 85. Kg1 f2+ 86. Kg2 Ke3 87. Kf1 Kf3 88. Ra3+ Ke4 89. Ra1 Ke3 90. Rd1 Kf3 91. Rxd2 Kg3 92. Rxf2 Kxh3 93. Rf8 Kg4 94. Kf2 h3 95. Kg1 Kh4 96. Kh2 Kg5 97. Rg8+ 1-0


[Site "https://www.chess.com"]